 Dungeon Crawl Stone Soup version 0.29-a0-243-g602b31c20e (webtiles) character file.

Game seed: 5608964169329346230

121 oldriver the Shooter (level 5, -10/40 HPs)
             Began as a Human Hunter on Mar 5, 2022.
             Mangled by an ogre
             ... wielding a +0 giant spiked club
              (17 damage)
             ... on level 3 of the Dungeon.
             The game lasted 00:04:38 (2910 turns).

oldriver the Shooter (Human Hunter)                 Turns: 2910, Time: 00:04:38

Health: -10/40     AC:  5    Str: 12    XL:     5   Next: 26%
Magic:  14/14      EV: 12    Int: 12    God:
Gold:   218        SH:  0    Dex: 15    Spells: 4/4 levels left

rFire   . . .      SeeInvis .   a - +1 shortbow
rCold   . . .      Faith    .   (shield currently unavailable)
rNeg    . . .      Spirit   .   n - +0 leather armour
rPois   .          Reflect  .   o - +0 helmet
rElec   .          Harm     .   j - +0 cloak
rCorr   .          Rampage  .   (no gloves)
Will    .....                   (no boots)
Stlth   ++........              (no amulet)
HPRegen 0.13/turn               l - ring of magical power
MPRegen 0.14/turn               (no ring)

@: no status effects
A: no striking features
a: no special abilities


You were on level 3 of the Dungeon.
You visited 1 branch of the dungeon, and saw 4 of its levels.

You collected 218 gold pieces.

Inventory:

Hand Weapons
 a - a +1 shortbow (weapon)
 b - a +5 club
Missiles
 f - 11 poisoned darts
Armour
 j - a +0 cloak (worn)
 n - a +0 leather armour (worn)
 o - a +0 helmet (worn)
Jewellery
 l - a ring of magical power (left hand)
 r - a ring of flight
 u - the ring of Meage {Fly rF- rCorr AC+4 Dex+10}
   (You found it on level 3 of the Dungeon)

   [ring of protection]

   AC:        It affects your AC (+4).
   Dex:       It affects your dexterity (+10).
   rF:        It makes you vulnerable to fire.
   Fly:       It grants you flight.
   rCorr:     It protects you from acid and corrosion.
Wands
 m - a wand of flame (28)
Scrolls
 c - 4 scrolls of identify {unknown}
 d - a scroll of teleportation {unknown}
 g - 3 scrolls of vulnerability {unknown}
 h - a scroll of amnesia {unknown}
 v - a scroll of immolation {unknown}
 w - a scroll of blinking {unknown}
 x - a scroll of silence {unknown}
 y - a scroll of enchant weapon {unknown}
Potions
 e - a potion of degeneration {unknown}
 i - 3 potions of curing {unknown}
 k - 2 potions of mutation {unknown}
 p - 2 potions of heal wounds {unknown}
 q - 2 potions of brilliance {unknown}
 s - a potion of lignification {unknown}
 t - a potion of ambrosia {unknown}


   Skills:
 + Level 2.8 Fighting
 * Level 4.9 Bows
 + Level 2.8 Dodging
 + Level 2.3 Stealth


You had 4 spell levels left.
You didn't know any spells.
Your spell library contained the following spells:

 Spells                   Type           Power      Damage    Failure   Level
 Pain                     Necr           0%         1d4       38%         1
 Ensorcelled Hibernation  Hex/Ice        0%         N/A       54%         2
 Passwall                 Tmut/Erth      0%         N/A       54%         2
 Gell's Gravitas          Tloc           0%         N/A       77%         3
 Swiftness                Air            0%         N/A       77%         3
 Teleport Other           Tloc           0%         N/A       77%         3
 Agony                    Necr           0%         N/A       100%        5
 Excruciating Wounds      Necr           0%         N/A       100%        5
 Dispersal                Tloc           0%         N/A       100%        6


Dungeon Overview and Level Annotations

Branches:
Dungeon (4/15)
 Temple: D:4-7

Altars:
Vehumet


Message History

The ogre hits you with a +0 giant spiked club!
You climb upwards.
There is a stone staircase leading down here.
You shoot an arrow. The arrow hits the ogre.
The ogre is moderately wounded.
The ogre barely misses you.
Throw: 13 darts (poison)
Press: ? - help, Shift-Dir - straight line, f/p - ogre
Aim: an ogre, wielding a +0 giant spiked club (moderately wounded, 74% to hit)
You throw a poisoned dart. The poisoned dart hits the ogre.
The ogre is poisoned.
The ogre is moderately wounded.
The ogre barely misses you.
Throw: 12 darts (poison)
Press: ? - help, Shift-Dir - straight line, f/p - ogre
Aim: an ogre, wielding a +0 giant spiked club (moderately wounded, poisoned, 74% to hit)
You throw a poisoned dart.
The poisoned dart barely misses the ogre.
The ogre hits you with a +0 giant spiked club!!
Ouch! That really hurt!
* * * LOW HITPOINT WARNING * * *
There is an open door here.
The ogre looks more healthy.
There is a radiant altar of Vehumet here.
There is an open door here.
Okay, then.
Okay, then.
Shoot: a) +1 shortbow
Press: ? - help, Q - select action, (/) - cycle Shift-Dir - straight line, f/p - ogre
Aim: an ogre, wielding a +0 giant spiked club (severely wounded, 77% to hit)
You shoot an arrow. The arrow hits the ogre.
The ogre is severely wounded.
The ogre misses you.
Shoot: a) +1 shortbow
Press: ? - help, Q - select action, (/) - cycle Shift-Dir - straight line, f/p - ogre
Aim: an ogre, wielding a +0 giant spiked club (severely wounded, 77% to hit)
You shoot an arrow. The arrow hits the ogre.
The ogre is almost dead.
The ogre hits you with a +0 giant spiked club!
You die...

.# #...†...# .# #.#.....# .#
#.##...## .######..##†##
..........#.########
.#####.............#
............######.##
.##.##..............#
.##.###.........@O..#
.##.###.....######..#############
.................................
.######.....##.###..#############
.######...####.###..#
....................#
.########.####.###..# ..........#
#.###..# #### ########..#
#.#....##########...


You could see an ogre.

Vanquished Creatures
  Robin (D:2)
  2 adders (D:2)
  2 worms (D:2)
  3 orcs (D:3)
  5 ball pythons
  5 endoplasms
  3 giant cockroaches
  13 goblins
  7 hobgoblins
  7 jackals
  8 kobolds
  5 quokkas
  7 bats
  2 frilled lizards
  5 rats
75 creatures vanquished.

Notes
Turn   | Place    | Note
-------+----------+-------------------------------------------
     0 | D:1      | oldriver the Human Hunter began the quest for the Orb.
     0 | D:1      | Reached XP level 1. HP: 16/16 MP: 1/1
    69 | D:1      | Reached XP level 2. HP: 17/22 MP: 2/2
   787 | D:2      | Reached XP level 3. HP: 27/27 MP: 3/3
  1179 | D:2      | Reached XP level 4. HP: 34/34 MP: 4/4
  1980 | D:3      | Noticed Robin
  2107 | D:2      | Killed Robin
  2159 | D:2      | Reached XP level 5. HP: 34/39 MP: 5/5
  2314 | D:3      | Identified the ring of Meage {Fly rF- rCorr AC+4 Dex+10}
  2445 | D:3      | Found a radiant altar of Vehumet.
  2856 | D:4      | Noticed an ogre
  2873 | D:3      | HP: 2/40 [ogre/+0 giant spiked club (23)]
  2910 | D:3      | Mangled by an ogre

Illustrated notes

Levels and vault maps discovered:
D:1:      dpeg_arrival_long_road, layout_basic
D:2:      minmay_wonky_spiral, layout_loops_ring, st_stairs_2,
          minmay_tetromino_i2
D:3:      layout_loops_ring, nicolae_vehumet_altar_sigil, minivault_25,
          uniq_robin
D:4:      layout_cave_pools, ebering_ghost_reflecting_pool

Skill      XL: |  1  2  3  4 |
---------------+-------------+-----
Stealth        | 2 |  2.3
Fighting       | |  2.8
Bows           | |  4.9
Dodging        | |  2.8

Action                   |  1- 3 |  4- 6 || total
-------------------------+-------+-------++-------
 Fire: Shortbow          |    96 |   101 ||   197
Throw: Dart              |       |     2 ||     2
Armor: Leather armour    |     9 |    16 ||    25
Dodge: Dodged            |    43 |    46 ||    89

Table legend: (Time is in decaauts)
 A = Elapsed time spent in this place.
 B = Non-inter-level travel time spent in this place.
 C = Inter-level travel time spent in this place.
 D = Time resting spent in this place.
 E = Time spent auto-exploring this place.
 F = Levels seen in this place.
 G = Mean time per level.
                   A        B        C        D        E       F      G
               +--------+--------+--------+--------+--------+-----+--------+
         Total |   2974 |   2886 |     88 |    483 |   1882 |   4 |  743.5 |
       Dungeon |   2974 |   2886 |     88 |    483 |   1882 |   4 |  743.5 |
               +--------+--------+--------+--------+--------+-----+--------+

Top non-repeatable levels by time:
     D:2: 1436 daAuts
     D:1: 797 daAuts
     D:3: 702 daAuts
     D:4: 38 daAuts
